 Dungeon Crawl Stone Soup version 0.17-a0-1741-gd5e8965 (webtiles) character file.

372 TruthSerum the Skirmisher (level 6, -13/45 HPs)
             Began as an Octopode Chaos Knight on Aug 31, 2015.
             Mangled by an ogre
             ... wielding a +0 giant spiked club
              (27 damage)
             ... on level 4 of the Dungeon.
             The game lasted 00:11:49 (2519 turns).

TruthSerum the Skirmisher (Octopode Chaos Knight)   Turns: 2519, Time: 00:11:49

Health: -13/45     AC:  1    Str: 12      XL:     6   Next: 71%
Magic:  15/15      EV: 12    Int: 12 (14) God:    Xom [.*....]
Gold:   127        SH:  0    Dex: 11      Spells: 0 memorised, 5 levels left

rFire  . . .     SeeInvis .       - Unarmed
rCold  . . .     Clarity  .     (no shield)
rNeg   . . .     SustAt   .     (helmet restricted)
rPois  .         Gourm    +     e - amulet of the gourmand
rElec  .         Spirit   .     k - ring of magical power
rCorr  .         Warding  .     (no ring)
rMut   .         Stasis   .     (no ring)
MR     .....                    (no ring)
Stlth  ++........               (no ring)
                                (no ring)
                                (no ring)
                                (no ring)

@: lethally poisoned (-13 -> -16), not resistant to hostile enchantments,
unstealthy
A: almost no armour, amphibious, 8 rings, constrict 8, camouflage 1,
deterioration 1, dopey 1, mutation resistance 1, sense surroundings 1,
gelatinous body 1
a: Renounce Religion


You were on level 4 of the Dungeon.
You worshipped Xom.
You were a plaything of Xom.
You were not hungry.

You visited 1 branch of the dungeon, and saw 4 of its levels.

You collected 127 gold pieces.

Inventory:

Jewellery
 e - an amulet of the gourmand (around mantle)
 k - a ring of magical power (left tentacle)
Magical devices
 b - a wand of slowing (25)
 p - a wand of digging (13)
Scrolls
 c - 2 scrolls of remove curse {unknown}
 d - 2 scrolls of enchant armour {unknown}
 j - a scroll of teleportation {unknown}
 m - a scroll of blinking {unknown}
 n - a scroll of enchant weapon {unknown}
Potions
 g - a potion of curing {unknown}
 h - a potion of invisibility {unknown}
 i - a potion of magic {unknown}
 o - a potion of poison {unknown}
Comestibles
 a - 3 bread rations
 f - 2 royal jellies
 l - a meat ration
 q - 4 chunks of flesh


   Skills:
 + Level 5.6 Fighting
 - Level 2.3 Dodging
 + Level 5.5 Unarmed Combat


You had 5 spell levels left.
You didn't know any spells.

Dungeon Overview and Level Annotations

Branches:
Dungeon (4/15)
 Temple: D:4-7

Altars:
Nemelex Xobeh
Trog
Xom


Innate Abilities, Weirdness & Mutations

You cannot wear most types of armour.
You are amphibious.
You can wear up to eight rings at the same time.
You can use your tentacles to constrict eight enemies at once.
Your skin changes colour to match your surroundings (Stealth).
Your rubbery body absorbs attacks (AC +1).
Your body sometimes deteriorates upon taking damage.
You are dopey. (Int -2)
You are somewhat resistant to further mutation.
You passively map a small area around you.


Message History

You feel sick.
You feel sick.
You feel sick.
You feel sick.
You feel sick.
o - an inky potion You feel sick.
You feel sick.
You feel sick.
An orc comes into view.
It is wielding a club. 2 orc wizards and an ogre come into view.
You feel sick.
The ogre shouts!
The orc wizard shouts!
The orc shouts!
The orc wizard shouts!
The orc wizard mumbles some strange words.
The orc wizard flickers and vanishes!
Deactivating autopickup; reactivate with Ctrl-A.
The ogre hits you with a giant spiked club!!
Ouch! That really hurt!
You die...
Xom howls with laughter!

** * #####..
###########* .......
,....o..... ,, #####.,
,#...[....#, , # * ,
#...{..o.+ # ,
#...(.O..# , # ###@.# *
, , # #######....# * #
######..........# , ,
###......#####.#..# *,
#.....)..# #.#..#### ,
##.......#####.......#
+........'.).##..###.#*
##.......#...##....#,#
##.###'####..##..#...#


You could see an ogre, an orc wizard and an orc.

Vanquished Creatures
  The ghost of comborobin the Sneak, an average SpAM of Dithmenos (D:4)
  A brain worm (D:4)
  An iguana (D:4)
  An orc priest (D:4)
  A worker ant (D:4)
  A gnoll (D:3)
  6 adders
  An ooze (D:1)
  4 worms
  A giant gecko (D:1)
  6 orcs
  3 bats
  3 giant cockroaches
  7 hobgoblins
  5 kobolds
  2 giant newts
  8 goblins
  6 jackals
  3 quokkas
  6 rats
67 creatures vanquished.

Notes
Turn   | Place    | Note
--------------------------------------------------------------
     0 | D:1      | TruthSerum the Octopode Chaos Knight began the quest for the Orb.
     0 | D:1      | Reached XP level 1. HP: 16/16 MP: 1/1
     7 | D:1      | XOM: divination: detect creatures
   109 | D:1      | Reached XP level 2. HP: 7/21 MP: 2/2
   472 | D:1      | Reached XP level 3. HP: 9/26 MP: 3/3
   648 | D:2      | Upgraded the game from 0.17-a0-1738-g82cdc46 to 0.17-a0-1741-gd5e8965
   954 | D:2      | Reached skill level 4 in Fighting
   954 | D:2      | Reached XP level 4. HP: 18/33 MP: 4/4
  1025 | D:2      | Found a sparkling altar of Nemelex Xobeh.
  1544 | D:2      | XOM: harmless Erth miscast
  1551 | D:2      | XOM is BORED!
  1551 | D:2      | XOM: give mutations
  1551 | D:2      | Gained mutation: Your muscles are strong. (Str +2) [Xom's mischief]
  1551 | D:2      | Gained mutation: You are dopey. (Int -2) [Xom's mischief]
  1551 | D:2      | Lost mutation: Your muscles are strong. (Str +2) [Xom's mischief]
  1551 | D:2      | Gained mutation: Your body sometimes deteriorates upon taking damage. [Xom's mischief]
  1753 | D:3      | XOM: harmless Chrm miscast
  1976 | D:3      | Found a shimmering altar of Xom.
  1981 | D:3      | Reached XP level 5. HP: 14/38 MP: 5/5
  2027 | D:3      | XOM: noise
  2271 | D:3      | XOM is BORED!
  2271 | D:3      | XOM: give mutations
  2271 | D:3      | Gained mutation: You passively map a small area around you. [Xom's mischief]
  2271 | D:3      | Lost mutation: Your body sometimes deteriorates upon taking damage. [Xom's mischief]
  2271 | D:3      | Gained mutation: You are somewhat resistant to further mutation. [Xom's mischief]
  2271 | D:3      | Gained mutation: Your body sometimes deteriorates upon taking damage. [Xom's mischief]
  2444 | D:4      | Found a bloodstained altar of Trog.
  2449 | D:4      | Noticed comborobin's ghost (average SpAM)
  2449 | D:4      | Noticed an ogre
  2450 | D:4      | an ogre changed into a brain worm
  2450 | D:4      | XOM: polymorph ogre -> brain worm
  2451 | D:4      | XOM: cast spell 'Dragon Form'
  2454 | D:4      | Reached skill level 5 in Fighting
  2459 | D:4      | Killed comborobin's ghost
  2459 | D:4      | Reached skill level 5 in Unarmed Combat
  2459 | D:4      | Reached XP level 6. HP: 43/45 MP: 6/6
  2519 | D:4      | Noticed an ogre
  2519 | D:4      | Mangled by an ogre

Vault maps used:
D:1:      saegor_arrival_simple_e
D:2:      nemelex_xobeh_ov_fountains_minmay, kennysheep_boxes
D:3:      tgw_xom
D:4:      kennysheep_mini_moat, first_bread, uniq_grinder

Action                   |  1- 3 |  4- 6 || total
-------------------------+-------+-------++-------
Melee: Unarmed           |    66 |    99 ||   165
 Stab: Sleeping          |     3 |     9 ||    12
  Eat: Chunk             |       |     5 ||     5
